 Dungeon Crawl Stone Soup version 0.18-a0-1471-gbbaf034 (webtiles) character file.

106 MrRokkomies the Caller (level 4, 0/37 HPs)
             Began as a Demigod Summoner on Mar 2, 2016.
             Slain by a hound (3 damage)
             ... on level 4 of the Dungeon.
             The game lasted 00:07:51 (2407 turns).

MrRokkomies the Caller (Demigod Summoner)           Turns: 2407, Time: 00:07:51

Health: 0/37       AC:  4    Str: 11    XL:     4   Next: 30%
Magic:  13/18      EV: 12    Int: 21    God:
Gold:   101        SH:  0    Dex: 16    Spells: 2 memorised, 1 level left

rFire  . . .     SeeInvis .     a - +0 trident
rCold  . . .     Gourm    .     m - +0 leather armour
rNeg   + . .     Faith    .     (no shield)
rPois  .         Spirit   .     (no helmet)
rElec  .         Dismiss  .     (no cloak)
rCorr  .         Reflect  .     j - +0 pair of gloves
SustAt +         Harm     .     (no boots)
MR     .....                    (no amulet)
Stlth  ++........               i - ring of magical power
                                g - ring of positive energy (curse)

@: very slightly contaminated, hasted, very quick, not resistant to hostile
enchantments, unstealthy
A: high mp 1, sustain attributes
a: no special abilities


You were on level 4 of the Dungeon.
You were hungry.

You visited 1 branch of the dungeon, and saw 4 of its levels.

You collected 101 gold pieces.

Inventory:

Hand Weapons
 a - a +0 trident (weapon)
 o - a +0 hunting sling
Missiles
 p - 36 stones (quivered)
 q - 26 sling bullets
Armour
 j - a +0 pair of gloves (worn)
 m - a +0 leather armour (worn)
Jewellery
 g - a cursed ring of positive energy (left hand)
 i - a ring of magical power (right hand)
Scrolls
 n - a scroll of identify
 s - a scroll of recharging
Potions
 e - a potion of agility
 h - a potion of magic
 k - 2 potions of brilliance
Books
 b - a book of Callings

   Spells                             Type                      Level
   a - Summon Small Mammal            Summoning                    1
   b - Call Imp                       Summoning                    2
   c - Call Canine Familiar           Summoning                    3
   d - Summon Guardian Golem          Hexes/Summoning              3
   e - Summon Lightning Spire         Summoning/Air                4
   f - Summon Ice Beast               Ice/Summoning                4
 l - a book of Cantrips

   Spells                             Type                      Level
   a - Corona                         Hexes                        1
   b - Animate Skeleton               Necromancy                   1
   c - Summon Small Mammal            Summoning                    1
   d - Apportation                    Translocation                1
Comestibles
 c - 2 bread rations
 d - 2 fruits
 f - a beef jerky


   Skills:
 * Level 2.5 Fighting
 * Level 1.6 Polearms
 - Level 1.7 Dodging
 - Level 1.7 Stealth
 - Level 1.7 Spellcasting
 - Level 4.2 Summonings


You had one spell level left.
You knew the following spells:

 Your Spells              Type           Power        Failure   Level  Hunger
a - Call Canine Familiar  Summ           ###.....     12%         3    ###....
b - Call Imp              Summ           ###.....     6%          2    ###....


Dungeon Overview and Level Annotations

Branches:
Dungeon (4/15)
 Temple: D:4-7

Annotations:
D:2 Sigmund
D:3 Grinder


Innate Abilities, Weirdness & Mutations

You have an increased reservoir of magic (+10% MP).
Your attributes are resistant to harm.


Message History

Confirm with . or Enter, or press ? or * to list all spells.
You miscast Call Canine Familiar.
You are very lightly contaminated with residual magic.
Nothing appears to happen.
The hound bites you. x2
* * * LOW HITPOINT WARNING * * *
Casting: Call Canine Familiar
Confirm with . or Enter, or press ? or * to list all spells.
You miscast Call Canine Familiar.
The world appears momentarily distorted.
The hound bites you but does no damage. The hound bites you.
* * * LOW HITPOINT WARNING * * *
The hound bites you.
* * * LOW HITPOINT WARNING * * *
Eat which item? (? for menu, Esc to quit)
Okay, then.
Drink which item? (? for menu, Esc to quit)
It was a potion of haste.
You feel yourself speed up. The hound bites you.
* * * LOW HITPOINT WARNING * * *
The hound bites you.
You die...

##.......##############.########.
#.............................#.
#......###############.######.#.
#......# #....o.o....#####.#.
#......# #o########[.....#'#.
#......# #.# #.#........ ########
#.# #h#........
#.######.#o#........
#oh@.....#h#........
#########........... #.o.###.#+#.
.o....?# #.# #. ...h....+ ..# #.
...l....# ### ......... .........
....(....


You could see a hound and an orc.

Vanquished Creatures
  A shadow imp (D:4)
  A dart slug (D:1)
  5 orcs
  2 giant cockroaches
  4 goblins
  2 hobgoblins
  A quokka (D:2)
  A ball python (D:3)
  2 bats (D:3)
  3 giant newts
  2 kobolds (D:1)
  A rat (D:1)
25 creatures vanquished.

Vanquished Creatures (collateral kills)
  An orc wizard (D:4)
  2 worker ants (D:4)
  An adder (D:2)
  2 dart slugs (D:1)
  4 orcs (D:4)
  A giant cockroach (D:1)
  2 hobgoblins (D:1)
  A giant newt (D:1)
  A goblin (D:1)
15 creatures vanquished.

Grand Total: 40 creatures vanquished

Notes
Turn   | Place    | Note
--------------------------------------------------------------
     0 | D:1      | MrRokkomies the Demigod Summoner began the quest for the Orb.
     0 | D:1      | Reached XP level 1. HP: 14/14 MP: 5/5
   157 | D:1      | Reached skill level 1 in Fighting
   309 | D:1      | Reached XP level 2. HP: 21/23 MP: 7/7
   323 | D:1      | Learned a level 2 spell: Call Imp
   719 | D:2      | Noticed Sigmund
   753 | D:2      | Reached skill level 4 in Summonings
  1003 | D:3      | Reached XP level 3. HP: 26/28 MP: 8/8
  1120 | D:3      | Learned a level 3 spell: Call Canine Familiar
  1627 | D:3      | Noticed Grinder
  1869 | D:4      | Found a stormy altar of Qazlal.
  1900 | D:4      | Reached skill level 1 in Polearms
  1900 | D:4      | Reached XP level 4. HP: 12/36 MP: 9/9
  2113 | D:4      | Found a shadowy altar of Dithmenos.
  2407 | D:4      | Slain by a hound

Vault maps used:
D:1:      dpeg_arrival_orchard
D:2:      ecumenical_altar_2, uniq_robin, uniq_sigmund
D:3:      first_bread, uniq_grinder, uniq_jessica
D:4:      nicolae_qazlal_general_emergency, grunt_dithmenos_shadows

Skill      XL: |  1  2  3 |
---------------+----------+-----
Fighting       | 1 2 |  2.5
Summonings     | 4 |  4.2
Polearms       | 1 |  1.6
Dodging        | |  1.7
Stealth        | |  1.7
Spellcasting   | |  1.7

Action                   |  1- 3 |  4- 6 || total
-------------------------+-------+-------++-------
Melee: Unarmed           |    14 |       ||    14
       Dagger            |    57 |       ||    57
       Trident           |    41 |    11 ||    52
 Cast: Summon Small Mamm |    12 |       ||    12
       Call Imp          |     4 |       ||     4
       Call Canine Famil |     4 |     1 ||     5
  Use: Scroll            |    11 |       ||    11
       Potion            |     1 |     1 ||     2
 Stab: Sleeping          |     6 |       ||     6
  Eat: Chunk             |     4 |     1 ||     5
